[Event "Early-Titled-Tuesday-Blitz-September-26-2023"]
[Site "Chess.com"]
[Date "2023.09.26"]
[Round "10"]
[White "platy3"]
[Black "astralpulse"]
[Result "1-0"]
[WhiteElo "2878"]
[BlackElo "2677"]
[TimeControl "180+1"]
[EndTime "9:56:14 PDT"]
[Termination "platy3 won on time"]

1. e4 e5 2. Nf3 Nc6 3. Bb5 a6 4. Ba4 d6 5. O-O Bd7 6. c4 Nge7 7. Nc3 Ng6 8. d4 exd4 9. Nxd4 Be7 10. Nxc6 bxc6 11. f4 O-O 12. Be3 f5 13. exf5 Rxf5 14.
Qd3 Qf8 15. g3 Rb8 16. b3 Rf7 17. Rae1 Bf6 18. Bd4 Bxd4+ 19. Qxd4 c5 20. Qd3 Bxa4 21. Nxa4 Ne7 22. Nc3 Nf5 23. Nd5 Nd4 24. Re4 c6 25. Nc3 Re8 26. Rxe8 Qxe8 27. Ne4 Qe7 28. Ng5 Rf5 29.
g4 Rxg5 30. fxg5 Qxg5 31. Qe4 h6 32. h3 d5 33. cxd5 cxd5 34. Qd3 Qe5 35. Kg2 Ne6 36.
Qf5 Qd6 37. Re1 Nf8 38. Re8 c4 39. Qe5 Qc5 40. Qe6+ Kh7 41. Qf7 c3 42. Rxf8 d4 43. Qg8+ Kg6 44. Qe6+ Kh7 45. Qe4+ 1-0

[Event "Early-Titled-Tuesday-Blitz-September-26-2023"]
[Site "Chess.com"]
[Date "2023.09.26"]
[Round "10"]
[White "twofoxniel"]
[Black "HajiyevKanan"]
[Result "1-0"]
[WhiteElo "2652"]
[BlackElo "2486"]
[TimeControl "180+1"]
[EndTime "9:56:17 PDT"]
[Termination "twofoxniel won by resignation"]

1. e4 c6 2. d4 d5 3. Nd2 a6 4.
Ngf3 Bg4 5. c3 e6 6. Bd3 Nf6 7.
O-O Be7 8. h3 Bh5 9. Re1 O-O 10.
e5 Nfd7 11. Nf1 c5 12. Ng3 Bxf3 13. Qxf3 cxd4 14. cxd4 Nc6 15. Be3 Qb6 16. Qg4 Qxb2 17. Rab1 Qc3 18. Red1 Rfb8 19. Rb3 Qa5 20. Bb1 b5 21.
Bg5 Qd8 22. h4 Bxg5 23. hxg5 g6 24. Rf3 Ne7 25. Ne2 Nf5 26. Qf4 Qe7 27. g4 Ng7 28.
Rh3 b4 29. Kg2 a5 30. Rdh1 Nf8 31. Rxh7 Nxh7 32. Qh2 Nh5 33. gxh5 Qxg5+ 34. Ng3 gxh5 35. f4 Qg4 36. Kf2 Qxf4+ 37. Ke2 h4 38. Rg1 hxg3 39. Bxh7+ Kf8 40. Rxg3 Rc8 41. Rg8+ Ke7 42. Qxf4 Rxg8 43. Qf6+ Kf8 44. Bxg8 Kxg8 45. Qe7 Rb8 46. Qa7 Rb5 47.
Qa6 Rb8 48. Qxa5 b3 49. axb3 Rxb3 50. Qd8+ Kg7 51. Qf6+ Kf8 52. Kd2 Rb2+ 53. Ke3 Rb8 54. Qh8+ Ke7 55. Qxb8 1-0

[Event "Early-Titled-Tuesday-Blitz-September-26-2023"]
[Site "Chess.com"]
[Date "2023.09.26"]
[Round "10"]
[White "GMJustin"]
[Black "melissa_guez"]
[Result "0-1"]
[WhiteElo "2215"]
[BlackElo "2114"]
[TimeControl "180+1"]
[EndTime "9:56:18 PDT"]
[Termination "melissa_guez won on time"]

1. d4 d5 2. c4 c6 3. Nf3 Nf6 4. e3 e6 5. Bd3 Bd6 6. O-O O-O 7. b3 b6 8. Bb2 Bb7 9. Qc2 h6 10. Nc3 c5 11. cxd5 exd5 12. Nb5 Be7 13. Rfd1 a6 14. Nc3 Nc6 15. Bf5 Nb4 16. Qe2 g6 17. Bh3 Bc8 18.
Bxc8 Qxc8 19. a3 cxd4 20. Rxd4 Nc6 21. Nxd5 Nxd5 22. Rxd5 Bf6 23. Rc1 Bxb2 24. Qxb2 Qe6 25. Rd2 Rac8 26. Rcd1 Ne7 27. h4 Nf5 28. h5 gxh5 29.
Nd4 Nxd4 30. Rxd4 Rc6 31. Rd8 Qf6 32. Rxf8+ Kxf8 33. Qd2 Kg7 34. Qd7 Rc2 35. Rf1 Rc3 36. e4 Rxb3 37. f4 Rxa3 38. e5 Qe6 0-1

[Event "Early-Titled-Tuesday-Blitz-September-26-2023"]
[Site "Chess.com"]
[Date "2023.09.26"]
[Round "10"]
[White "Kielinkei"]
[Black "FlemingA"]
[Result "0-1"]
[WhiteElo "2473"]
[BlackElo "2445"]
[TimeControl "180+1"]
[EndTime "9:56:19 PDT"]
[Termination "FlemingA won by checkmate"]

1. c4 Nf6 2. Nc3 e5 3. g3 Nc6 4. Bg2 Bc5 5. e3 d5 6. cxd5 Nb4 7. d3 Nfxd5 8. Nxd5 Nxd5 9. a3 O-O 10. Ne2 c6 11.
O-O Be6 12. d4 exd4 13. Nxd4 Re8 14. Nxe6 Rxe6 15. b4 Bb6 16. Bb2 Rd6 17. Qb3 Qe7 18. e4 Nc7 19. Rad1 Rad8 20. a4 Ne6 21. a5 Bd4 22. Ba3 Qf6 23. Kh1 Bc3 24. f4 Rxd1 25.
Rxd1 Rxd1+ 26. Qxd1 Qd4 27. Qb3 h6 28. b5 Qd2 29. h3 cxb5 30. Qxb5 Nd4 31. Qe8+ Kh7 32. Qxf7 Qe1+ 33. Kh2 Qe2 34. Kh1 Qe1+ 35. Kh2 Qe2 36. Kh1 Be1 37. e5 Bxg3 38. Bc1 Qe1+ 39. Bf1 Qxf1# 0-1

[Event "Early-Titled-Tuesday-Blitz-September-26-2023"]
[Site "Chess.com"]
[Date "2023.09.26"]
[Round "10"]
[White "CristianS27"]
[Black "vedantgoswami"]
[Result "0-1"]
[WhiteElo "2473"]
[BlackElo "2366"]
[TimeControl "180+1"]
[EndTime "9:56:19 PDT"]
[Termination "vedantgoswami won on time"]

1. e4 Nc6 2. Nf3 d6 3. d4 Bg4 4.
Be3 Nf6 5. Nc3 e5 6. d5 Nb8 7. h3 Bh5 8. Be2 Nbd7 9. a4 c6 10. dxc6 bxc6 11. O-O Be7 12. Nh4 Bg6 13. Nxg6 hxg6 14.
a5 Nh5 15. Bc4 Qb8 16. Bb3 Nf4 17. Ne2 g5 18. Ng3 g6 19. Qd2 Qc8 20. a6 Nf6 21.
Rfd1 g4 22. Bxf4 exf4 23. Qxf4 gxh3 24. e5 dxe5 25. Qxe5 Kf8 26. Re1 Bd8 27. Rad1 hxg2 28. f3 Bb6+ 29. Rd4 Bxd4+ 30. Qxd4 Qh3 31. Kf2 Kg7 32.
Rg1 Rad8 33. Qc4 Rd7 34. Rxg2 Rhd8 35. Qf4 Rd2+ 36. Ke3 Qxg2 0-1

[Event "Early-Titled-Tuesday-Blitz-September-26-2023"]
[Site "Chess.com"]
[Date "2023.09.26"]
[Round "10"]
[White "sergoy"]
[Black "jcibarra"]
[Result "1-0"]
[WhiteElo "2946"]
[BlackElo "2950"]
[TimeControl "180+1"]
[EndTime "9:56:20 PDT"]
[Termination "sergoy won by resignation"]

1. d4 Nf6 2. c4 d6 3. Nf3 g6 4. Nc3 Bf5 5. g3 Ne4 6. Qb3 Nxc3 7. bxc3 Be4 8. Rg1 b6 9. Ng5 Bb7 10. c5 e6 11. cxd6 cxd6 12. e4 Be7 13. Bb5+ Kf8 14.
h4 h6 15. Nxe6+ fxe6 16. Qxe6 Qc8 17. Qxg6 Qxc3+ 18. Bd2 Qxa1+ 19. Ke2 Qxd4 20. Qe8+ Kg7 21. Qxe7+ Kg8 22. Qe6+ Kg7 23. Qe7+ Kg8 24. Qxb7 Qc5 25. a4 Rh7 26. Qxa8 Rf7 27. Qxb8+ Rf8 28. Qxf8+ Kxf8 29.
Bxh6+ Kf7 30. Be3 Qc2+ 31. Kf3 d5 32. exd5 Qf5+ 33. Kg2 Qxd5+ 34. Kh2 Qb3 35. Rc1 Kf6 36. Rc7 a6 37. Rc6+ Ke5 38. Rxb6 Qa2 39. Rxa6 Qa1 40. Rc6 Kf5 41. Rc4 Kg6 42. Rf4 Kh5 43. Be8+ Kh6 44. Rf7+ Kg6 45. Rd7+ Kf6 46. Bd4+ Ke6 47. Bxa1 1-0

[Event "Early-Titled-Tuesday-Blitz-September-26-2023"]
[Site "Chess.com"]
[Date "2023.09.26"]
[Round "10"]
[White "Austen48"]
[Black "AndrewB92"]
[Result "1-0"]
[WhiteElo "2303"]
[BlackElo "2353"]
[TimeControl "180+1"]
[EndTime "9:56:21 PDT"]
[Termination "Austen48 won on time"]

1. d4 Nf6 2. c4 e6 3. Nc3 b6 4. a3 Bb7 5. d5 exd5 6. cxd5 a5 7. e4 d6 8. Bd3 Be7 9. Nf3 Nbd7 10. O-O O-O 11.
Nd4 Nc5 12. Bc2 Re8 13. h3 Bf8 14. Re1 c6 15. dxc6 Ba6 16. Bg5 Rc8 17. b4 Ne6 18. Nxe6 Rxe6 19. b5 Bb7 20. Nd5 Ba8 21. Bxf6 Rxf6 22.
Nxf6+ Qxf6 23. Qd5 Qc3 24. Bb3 Rc7 25. Rac1 Qb2 26.
a4 g6 27. Rc2 Qf6 28. Rd2 Qf4 29. g3 Qf3 30. Re3 Qf6 31. Kg2 h5 32. Rf3 Qg7 33.
Qd4 Qh6 34. Rd1 Re7 35. Bd5 h4 36. g4 Bg7 37. Qxb6 Re8 38. c7 Bxd5 39. Rxd5 Be5 40. Qb8 Qf8 41. Qa7 Ra8 42. Qb6 1-0

[Event "Early-Titled-Tuesday-Blitz-September-26-2023"]
[Site "Chess.com"]
[Date "2023.09.26"]
[Round "10"]
[White "PeshkaCh"]
[Black "Hasangatin_Ramil"]
[Result "0-1"]
[WhiteElo "2797"]
[BlackElo "2740"]
[TimeControl "180+1"]
[EndTime "9:56:22 PDT"]
[Termination "Hasangatin_Ramil won by checkmate"]

1. Nf3 d6 2. d4 Bg4 3. e4 Nf6 4.
Bd3 e6 5. h3 Bh5 6. c3 c6 7. O-O d5 8. Bg5 Be7 9. Nbd2 O-O 10.
Re1 dxe4 11. Nxe4 Nxe4 12. Bxe7 Qxe7 13. Bxe4 Nd7 14. Qc2 Nf6 15. Ne5 Rfd8 16. a4 a5 17. Qb3 Qc7 18. Bf3 Bxf3 19. Nxf3 Rd5 20. Re5 Rad8 21. Rae1 Nd7 22. R5e2 Qb6 23. Qc2 Nf6 24. Ne5 c5 25. dxc5 Qxc5 26. Nf3 h6 27. Re5 b6 28. Rxd5 Qxd5 29. Re5 Qd1+ 30. Qxd1 Rxd1+ 31. Re1 Rd8 32. Ne5 Kf8 33. Nc4 Nd5 34. Rd1 Rc8 35. Ne5 Ke7 36.
c4 Nf6 37. b3 Rc7 38. Kf1 Nd7 39. Nd3 Nc5 40. Nxc5 bxc5 41. Ke2 Rd7 42. Rxd7+ Kxd7 43. Ke3 Kd6 44. f4 f5 45. h4 Ke7 46. h5 Kf6 47.
g3 Kf7 48. Kf3 Ke7 49. Ke3 Kf6 50. Kf3 g5 51. hxg6 Kxg6 52. Ke3 Kf6 53. Kf3 e5 54.
fxe5+ Kxe5 55. Ke3 h5 56. Kf3 Kd4 57. Kf4 Kc3 58.
Kxf5 Kxb3 59. Kg5 Kxc4 60. Kxh5 Kb4 61. g4 c4 62. g5 c3 63. g6 c2 64. g7 c1=Q 65.
g8=Q Qh1+ 66. Kg6 Qg2+ 67. Kf7 Qxg8+ 68. Kxg8 Kxa4 69. Kf7 Kb3 70. Ke6 a4 71. Ke5 a3 72.
Ke4 a2 73. Kd3 a1=Q 74. Kd2 Qa7 75. Kc1 Qf7 76. Kb1 Qf1# 0-1

[Event "Early-Titled-Tuesday-Blitz-September-26-2023"]
[Site "Chess.com"]
[Date "2023.09.26"]
[Round "10"]
[White "nicholas_ilic"]
[Black "Smile2005"]
[Result "1-0"]
[WhiteElo "2247"]
[BlackElo "2397"]
[TimeControl "180+1"]
[EndTime "9:56:22 PDT"]
[Termination "nicholas_ilic won by checkmate"]

1. e4 c5 2. Nf3 d6 3. d4 cxd4 4. Nxd4 Nf6 5. Bd3 a6 6. O-O b5 7.
a4 b4 8. Bg5 Bb7 9. Nd2 e5 10.
Nf5 g6 11. Nh6 Be7 12. Qf3 Nc6 13. Bc4 Nd4 14. Qh3 d5 15. exd5 Bxd5 16. Bxd5 Nxd5 17. Bxe7 Qxe7 18. Ne4 Nf4 19. Qe3 Nf5 20. Qb6 Kf8 21. Nxf5 gxf5 22. Qh6+ Ke8 23. Nf6+ Kd8 24. Rad1+ Kc8 25.
Nd5 Nxd5 26. Rxd5 f6 27. Rfd1 Rg8 28. Qh4 Qc7 29. Qxb4 Rb8 30. Qa3 Rb6 31. a5 Rc6 32.
Qb3 Qg7 33. g3 f4 34. Rd7 Qxd7 35. Rxd7 fxg3 36. Qb7# 1-0

[Event "Early-Titled-Tuesday-Blitz-September-26-2023"]
[Site "Chess.com"]
[Date "2023.09.26"]
[Round "10"]
[White "Let_it_be_1"]
[Black "Rozhkov_V"]
[Result "1-0"]
[WhiteElo "2611"]
[BlackElo "2437"]
[TimeControl "180+1"]
[EndTime "9:56:23 PDT"]
[Termination "Let_it_be_1 won by resignation"]

1. e4 e6 2. d4 d5 3. Nd2 c5 4. Ngf3 cxd4 5. exd5 Qxd5 6. Bc4 Qd6 7. O-O Nf6 8. Nb3 Nc6 9. Nfxd4 Nxd4 10. Qxd4 Qxd4 11. Nxd4 Bc5 12. Rd1 O-O 13. Be2 Rd8 14. Be3 Nd5 15.
Nxe6 Bxe6 16. Bxc5 Rac8 17. Ba3 Rxc2 18. Bf3 b6 19. Rd3 Rdc8 20. Rad1 Nf6 21. Rd8+ Ne8 22. h3 g6 23. Bb7 Rxd8 24. Rxd8 Bxa2 25. Rxe8+ Kg7 26.
Bb4 Be6 27. Bc3+ Kh6 28. Rd8 b5 29. Bd5 Bxd5 30. Rxd5 b4 31. Bxb4 Rxb2 32. Bd2+ g5 33. Bxg5+ Kg6 34. Be3 a5 35. Rxa5 Rb3 36. h4 Rb4 37.
h5+ Kf6 38. Kh2 Rh4+ 39. Kg3 Rh1 40. Kg4 Rg1 41. g3 Rh1 42. Ra6+ Ke5 43. Bf4+ Ke4 44.
f3+ Kd3 45. Rf6 h6 46. Rxf7 Ke2 47. Re7+ Kf2 48. Bxh6 Ra1 49. Be3+ Kg2 50. h6 Ra4+ 51. Bf4 Ra6 52. h7 Rg6+ 53. Kh5 1-0

[Event "Early-Titled-Tuesday-Blitz-September-26-2023"]
[Site "Chess.com"]
[Date "2023.09.26"]
[Round "10"]
[White "Qvalda"]
[Black "Zampronha1971"]
[Result "1-0"]
[WhiteElo "2390"]
[BlackElo "2269"]
[TimeControl "180+1"]
[EndTime "9:56:24 PDT"]
[Termination "Qvalda won by resignation"]

1. Nf3 Nf6 2. b3 e6 3. Bb2 d5 4.
e3 c5 5. d4 a6 6. Nbd2 Nc6 7.
Bd3 b5 8. Ne5 Bb7 9. O-O c4 10.
Be2 Bd6 11. a4 O-O 12. f4 Bb4 13. c3 Bd6 14. b4 Ne7 15. a5 Ra7 16. g4 Bc8 17. g5 Ne8 18. Qe1 f6 19. Nef3 Bb8 20. Bd1 Qd6 21. Bc2 f5 22. Ne5 Nc6 23. Ndf3 Nxe5 24.
dxe5 Qe7 25. Nd4 Rc7 26. Qh4 Ba7 27. Rf3 Bxd4 28. exd4 g6 29. Qg3 Ng7 30. Bc1 Bd7 31. Be3 Be8 32. Bd1 Nh5 33. Qf2 Rf7 34. Rh3 Rg7 35.
Kf1 Bf7 36. Bf3 Qe8 37. Ke2 Rd7 38.
Kd2 Rc7 39. Rg1 Rd7 40. Kc2 Rc7 41. Qd2 Rd7 42. Bf2 Rc7 43. Bh4 Rd7 44. Bd1 Rb7 45. Rf3 Rd7 46. Rf2 Rb7 47. Rfg2 Rd7 48. Bf3 Rb7 49.
Bxh5 gxh5 50. g6 Bxg6 51. Bf6 Rbf7 52. Qe2 Qd7 53. Qf3 Kf8 54. Bxg7+ Rxg7 55. Qh3 Qf7 56. Qh4 Ke8 57. Qg5 Kd7 58. Qxh5 Ke8 59. Qh6 Kd7 60. h4 1-0

[Event "Early-Titled-Tuesday-Blitz-September-26-2023"]
[Site "Chess.com"]
[Date "2023.09.26"]
[Round "10"]
[White "Ariadna_Atreides"]
[Black "Raskolnikov6"]
[Result "0-1"]
[WhiteElo "2199"]
[BlackElo "2332"]
[TimeControl "180+1"]
[EndTime "9:56:26 PDT"]
[Termination "Raskolnikov6 won by checkmate"]

1. d4 Nf6 2. Nf3 g6 3. Nbd2 Bg7 4. e4 d6 5. Bd3 O-O 6. O-O c5 7. c3 Nc6 8. a4 Bg4 9. d5 Ne5 10.
Be2 Bxf3 11. Nxf3 Nfd7 12. Nxe5 Nxe5 13. f4 Nd7 14. Bf3 Qc7 15. Re1 c4 16. Qe2 a6 17.
a5 Rab8 18. Be3 b5 19. axb6 Nxb6 20. Rxa6 Nd7 21. Rc6 Qb7 22. Rxc4 Qxb2 23. Rc7 Rfd8 24. Qxb2 Rxb2 25. Bd4 Nc5 26. Bxc5 dxc5 27. Rxc5 Ra8 28. e5 Bh6 29. g3 Bf8 30. Re2 Rb1+ 31. Kg2 Raa1 32.
Rc8 Kg7 33. c4 f6 34. e6 Rg1+ 35. Kh3 Ra3 36. Bg2 g5 37. fxg5 fxg5 38. d6 h5 39. d7 Rd1 40. d8=Q Rxd8 41. Rxd8 Rc3 42. Rf2 Rxc4 43. Rf7+ Kg6 44. Rdxf8 Rc2 45. Rg8+ Kh6 46. Be4 g4+ 47. Kh4 Rxh2# 0-1

[Event "Early-Titled-Tuesday-Blitz-September-26-2023"]
[Site "Chess.com"]
[Date "2023.09.26"]
[Round "10"]
[White "Witik"]
[Black "hakanazeri2"]
[Result "0-1"]
[WhiteElo "2735"]
[BlackElo "2630"]
[TimeControl "180+1"]
[EndTime "9:56:27 PDT"]
[Termination "hakanazeri2 won by resignation"]

1. e4 c5 2. d4 cxd4 3. c3 dxc3 4.
Nxc3 e6 5. Nf3 Bb4 6. Bc4 Bxc3+ 7.
bxc3 Nf6 8. e5 Ne4 9. Qd4 f5 10.
exf6 Nxf6 11. Ba3 Nc6 12. Qd3 d5 13. Bb5 Ne4 14. O-O Nd6 15. c4 Nxb5 16. cxb5 Ne7 17.
Ng5 h6 18. Nf3 O-O 19. Rfe1 Bd7 20. Nd4 Rf6 21. Bb2 Nf5 22. Nf3 Rf8 23. a4 Qe8 24. Ne5 Rd8 25. Rac1 Qh5 26. Rc7 Bc8 27. f4 Qh4 28. g3 Qh3 29. g4 Qxd3 30. Nxd3 Nh4 31. Rxg7+ Kh8 32. Be5 Nf3+ 33. Kf2 Nxe5 34. Nxe5 Kxg7 35.
Kg3 Bd7 36. Rc1 Rc8 37. Rxc8 Bxc8 38. h4 d4 39. g5 hxg5 40. fxg5 Rf5 41. Nd3 e5 42. h5 Rxg5+ 0-1

[Event "Early-Titled-Tuesday-Blitz-September-26-2023"]
[Site "Chess.com"]
[Date "2023.09.26"]
[Round "10"]
[White "Crazy_girl99"]
[Black "vladgoncharov"]
[Result "1-0"]
[WhiteElo "2723"]
[BlackElo "2540"]
[TimeControl "180+1"]
[EndTime "9:56:27 PDT"]
[Termination "Crazy_girl99 won by resignation"]

1. e4 e6 2. d4 d5 3. e5 c5 4. c3 Nc6 5. Nf3 Nge7 6. Be3 cxd4 7. cxd4 Nf5 8. Bd3 Nxe3 9. fxe3 f5 10. exf6 Qxf6 11. O-O Qh6 12. Qe2 Bd6 13. Nc3 O-O 14.
Rae1 Bd7 15. g3 Be8 16. Qg2 Bh5 17. h4 Bg6 18. Bb5 Bf5 19. Ng5 Bg4 20. Nxd5 exd5 21. Qxd5+ Kh8 22. Bc4 Qg6 23. Rxf8+ Rxf8 24. Nf7+ Rxf7 25.
Qxf7 Qxf7 26. Bxf7 Bxg3 27. Rc1 Bxh4 28. d5 Ne5 29.
Be6 h5 30. Rc8+ Kh7 31. Bxg4 hxg4 32. d6 Kg6 33. Rc7 Bd8 34. Rxb7 Bb6 35. Kg2 Kf6 36. a4 g5 37. b4 Bxe3 38. a5 Ke6 39. b5 Kxd6 40. b6 axb6 41. a6 Nc6 42. Kg3 b5 43. Rxb5 Na7 44. Rb7 Kc6 45. Kxg4 Nb5 46. Kf3 Nd6 47.
Kxe3 Nxb7 48. a7 1-0

[Event "Early-Titled-Tuesday-Blitz-September-26-2023"]
[Site "Chess.com"]
[Date "2023.09.26"]
[Round "10"]
[White "stratacticos"]
[Black "bennyficial"]
[Result "1/2-1/2"]
[WhiteElo "1800"]
[BlackElo "2122"]
[TimeControl "180+1"]
[EndTime "9:56:30 PDT"]
[Termination "Game drawn by repetition"]

1. b4 e5 2. Bb2 Bxb4 3. Bxe5 Nf6 4. a3 Bc5 5. d4 Be7 6. c4 d6 7. Bg3 O-O 8. e3 Ne4 9. Bd3 f5 10. f3 Nxg3 11. hxg3 c5 12. Ne2 Nc6 13. Nbc3 cxd4 14.
exd4 Bf6 15. Bc2 Re8 16. Kf2 Qa5 17. Qd3 g6 18. Rae1 Bd7 19. a4 Re7 20. Nd5 Rxe2+ 21. Rxe2 Bxd4+ 22. Kf1 Re8 23. Rxe8+ Bxe8 24. Ne7+ Nxe7 25.
Qxd4 Qe5 26. Qxe5 dxe5 27. c5 Kg7 28. Kf2 Nd5 29. Rd1 Nc3 30. Rd8 Bxa4 31. Bxa4 Nxa4 32. Rd7+ Kf6 33. Rxb7 Nxc5 34. Rxa7 h5 35. f4 Ne4+ 36.
Kf3 exf4 37. gxf4 Ke6 38. Ra6+ Kf7 39. Ke3 Kg7 40. Kd4 Nf6 41. Ra7+ Kh6 42. Ke3 Ng4+ 43.
Kf3 Nf6 44. g3 Ne4 45. Re7 Nf6 46. Re6 Ng4 47. Ra6 Kg7 48. Rb6 Kf7 49. Ra6 Kg7 50.
Rb6 Kf7 51. Ra6 Kg7 1/2-1/2

[Event "Early-Titled-Tuesday-Blitz-September-26-2023"]
[Site "Chess.com"]
[Date "2023.09.26"]
[Round "10"]
[White "jaskol95"]
[Black "scarabee43"]
[Result "0-1"]
[WhiteElo "2618"]
[BlackElo "2787"]
[TimeControl "180+1"]
[EndTime "9:56:31 PDT"]
[Termination "scarabee43 won by resignation"]

1. e4 c5 2. Nf3 e6 3. b4 cxb4 4. d4 d5 5. e5 Nc6 6. a3 Bd7 7. axb4 Bxb4+ 8. c3 Be7 9. Bd3 Nh6 10. Na3 Nf5 11.
Nc2 Rc8 12. Ne3 Nxe3 13. fxe3 f5 14. exf6 Bxf6 15. O-O O-O 16. e4 dxe4 17. Bxe4 e5 18. dxe5 Nxe5 19. Nxe5 Qb6+ 20. Kh1 Bxe5 21. Rxf8+ Rxf8 22. Ba3 Rf7 23. Bd5 Be8 24. Rb1 Qa5 25. Bxf7+ Bxf7 26.
Bb4 Qc7 27. h3 a5 28. Ba3 h6 29. Qd3 Bc4 30. Qe4 b5 31. Re1 Bxc3 32. Qe8+ Kh7 33. Rd1 Qg3 34. Qe4+ Qg6 35. Qf3 b4 36. Bc1 Bb3 37. Rd3 Bc2 38. Rxc3 Be4 39. Qg3 bxc3 40.
Qxg6+ Kxg6 41. Kg1 Kf5 42. Kf2 Ke5 43. Ke3 Bxg2 44. h4 Be4 45. Ba3 Kd5 46. Bc1 g6 47.
Ba3 Bf5 48. Ke2 Kc4 49. Kd1 Kb3 50. Bc1 a4 51. Bxh6 a3 52. Kc1 a2 0-1

[Event "Early-Titled-Tuesday-Blitz-September-26-2023"]
[Site "Chess.com"]
[Date "2023.09.26"]
[Round "10"]
[White "chessdjw"]
[Black "ContrVersia"]
[Result "0-1"]
[WhiteElo "2686"]
[BlackElo "2886"]
[TimeControl "180+1"]
[EndTime "9:56:32 PDT"]
[Termination "ContrVersia won on time"]

1. d4 Nf6 2. Nf3 e6 3. c4 d5 4. g3 dxc4 5. Bg2 Bd7 6. Nbd2 Bb5 7. Qc2 Nc6 8. O-O c3 9. bxc3 Bxe2 10. Re1 Ba6 11. Qa4 Qd7 12. Ng5 Nd5 13. Bh3 Be7 14.
Nxe6 fxe6 15. Bxe6 Qd6 16. Qd1 Nd8 17. Qh5+ g6 18.
Qxd5 Nxe6 19. Qxe6 Qxe6 20. Rxe6 Kd7 21. Re1 Rae8 22.
Nf3 Kc8 23. Bg5 Bd6 24. a4 Bc4 25. Ne5 Bd5 26. c4 Bxe5 27. cxd5 Bxd4 28. Rad1 Bc5 29. h4 Kd7 30. Kg2 Rhf8 31. f3 Rf5 32. Rxe8 Kxe8 33.
Bf4 Kd7 34. Rd3 Bd6 35. Be3 a6 36. g4 Rf8 37. f4 h5 38. gxh5 gxh5 39. Kf3 Rg8 40.
Rd1 Rg4 41. Rg1 Rxg1 42. Bxg1 Be7 43. Bf2 b5 44. axb5 axb5 45. Ke4 b4 46. Kd4 b3 47. Kc3 Kd6 48. Kxb3 Kxd5 49. Kc3 Ke4 50. f5 Kxf5 51. Kd4 Kg4 52. Ke5 Bxh4 53. Bg1 Bg3+ 54.
Ke4 h4 55. Kd5 Kf3 0-1

[Event "Early-Titled-Tuesday-Blitz-September-26-2023"]
[Site "Chess.com"]
[Date "2023.09.26"]
[Round "10"]
[White "GG91"]
[Black "Gyulamiryan-koryun"]
[Result "1-0"]
[WhiteElo "2336"]
[BlackElo "2013"]
[TimeControl "180+1"]
[EndTime "9:56:34 PDT"]
[Termination "GG91 won on time"]

1. d4 Nf6 2. Nf3 g6 3. Nbd2 Bg7 4. e4 d6 5. Bd3 O-O 6. c3 c5 7. O-O Nc6 8. h3 cxd4 9. cxd4 Nb4 10. Bb1 d5 11. e5 Nh5 12. a3 Nc6 13. Nb3 Bh8 14.
g4 Ng7 15. Bh6 e6 16. Nc5 b6 17. Nd3 Re8 18. Qd2 Na5 19. Ba2 Ba6 20. Rfd1 Bc4 21. b3 Bxb3 22. Re1 Bxa2 23. Rxa2 Nc4 24. Qf4 Qd7 25.
h4 Rec8 26. Ng5 Ne8 27. Kg2 Bg7 28. Bxg7 Nxg7 29. Rh1 h6 30. Nf3 Kh7 31. h5 g5 32.
Nxg5+ hxg5 33. Qxg5 Qd8 34. Qf4 Qe7 35. g5 Nf5 36.
g6+ Kg7 37. h6+ Kxg6 38. Kf3 Kh7 39. Rg1 Rg8 40. Raa1 Rg6 41. Rxg6 fxg6 42. Qg4 Nxh6 43. Qh3 Rf8+ 44. Ke2 Qf7 45. Rh1 Qg7 46. Qg3 Rf5 47. Nf4 1-0

[Event "Early-Titled-Tuesday-Blitz-September-26-2023"]
[Site "Chess.com"]
[Date "2023.09.26"]
[Round "10"]
[White "vovachesss"]
[Black "deribas12345"]
[Result "1-0"]
[WhiteElo "2730"]
[BlackElo "2569"]
[TimeControl "180+1"]
[EndTime "9:56:37 PDT"]
[Termination "vovachesss won by checkmate"]

1. e4 c5 2. Nf3 d6 3. d4 cxd4 4. Nxd4 Nf6 5. Nc3 a6 6. Rg1 e5 7. Nb3 Be7 8. g4 Be6 9. g5 Nfd7 10. Be3 Nc6 11. Qf3 Nb4 12. O-O-O Rc8 13. Kb1 O-O 14. a3 Rxc3 15. bxc3 Nc6 16. Bh3 Bxh3 17. Qxh3 Nb6 18. Ka2 Na4 19. Bc1 b5 20. Rd5 Na5 21. Rgd1 Qc7 22. Bb2 Nc4 23. Ba1 g6 24. Qg3 Rc8 25. h4 Ncb6 26. R5d3 Qc4 27. Qe3 Nc5 28. Rxd6 Bxd6 29.
Rxd6 Nba4 30. f3 a5 31. Rd2 Qf1 32. Qe2 Qh1 33. Qxb5 Qxh4 34. Nxc5 Nxc5 35. Rd5 Ne6 36. Qd7 Rd8 37. Qe7 Rc8 38. Rxe5 Qf2 39. Rb5 Qxc2+ 40.
Rb2 Qxc3 41. Qb7 Qc4+ 42. Qb3 Qc6 43. Rd2 Nc5 44. Qc3 Qe6+ 45. Kb1 a4 46. Qg7# 1-0

[Event "Early-Titled-Tuesday-Blitz-September-26-2023"]
[Site "Chess.com"]
[Date "2023.09.26"]
[Round "10"]
[White "KatakuriDono"]
[Black "verrbaa"]
[Result "0-1"]
[WhiteElo "2316"]
[BlackElo "2417"]
[TimeControl "180+1"]
[EndTime "9:56:40 PDT"]
[Termination "verrbaa won by resignation"]

1. d4 Nf6 2. c4 e6 3. Nf3 d5 4. g3 dxc4 5. Bg2 a6 6. Ne5 c5 7.
e3 cxd4 8. exd4 Bb4+ 9. Nc3 O-O 10. O-O Qc7 11. Bf4 Bd6 12. Rc1 Nbd7 13. Re1 Nb6 14. Ne4 Nxe4 15. Bxe4 Bd7 16. Qh5 f5 17. Bg2 Bb5 18.
h4 Rae8 19. Qf3 Nd5 20. Bd2 f4 21. Bxf4 Nxf4 22. gxf4 Qe7 23. Qg4 Rf6 24. b3 cxb3 25. axb3 Ref8 26. Be4 g6 27. f5 exf5 28. Bd5+ Kg7 29.
Qg5 Qd8 30. h5 Bxe5 31. Rxe5 h6 32. Qg2 g5 33. Bf3 Qxd4 34. Rc7+ R8f7 35. Ree7 Rxe7 36. Rxe7+ Rf7 37. Rxf7+ Kxf7 38. Bd5+ Kf6 39. Bxb7 Qd1+ 40. Kh2 Qd6+ 41. Kg1 g4 42. Bd5 Kg5 43. Bf7 Qd1+ 44. Kh2 Qd6+ 45. Kg1 Qe5 46. Bg6 Be2 47. Qb7 Qa1+ 48.
Kg2 Bf3+ 49. Qxf3 gxf3+ 50. Kxf3 Qc3+ 0-1

[Event "Early-Titled-Tuesday-Blitz-September-26-2023"]
[Site "Chess.com"]
[Date "2023.09.26"]
[Round "10"]
[White "Evgeny81"]
[Black "OparinGrigoriy"]
[Result "1-0"]
[WhiteElo "2763"]
[BlackElo "2938"]
[TimeControl "180+1"]
[EndTime "9:56:42 PDT"]
[Termination "Evgeny81 won by resignation"]

1. Nf3 d5 2. d4 Nf6 3. c4 e6 4.
Nc3 Nbd7 5. cxd5 exd5 6. Bg5 h6 7. Bh4 Bb4 8. Bxf6 Qxf6 9. e3 O-O 10. Bd3 c6 11. O-O Re8 12. Re1 Qd8 13. a3 Bd6 14.
e4 dxe4 15. Nxe4 Be7 16. Ng3 Nf6 17. Ne5 Be6 18. Nf5 Bf8 19. Qf3 g6 20. Ne3 Bg7 21.
Rad1 Qxd4 22. Nxg6 fxg6 23. Bxg6 Qxb2 24. Bxe8 Rxe8 25.
Nf5 Bxf5 26. Rxe8+ Nxe8 27. Qxf5 Qe2 28. Qb1 Nf6 29.
Rd8+ Kf7 30. Qxb7+ Kg6 31. Qb1+ Qe4 32. Qxe4+ Nxe4 33. f3 Nf6 34. Rc8 Nd5 35. Rxc6+ Kf5 36. Kf2 h5 37. g3 Bd4+ 38. Ke2 Bb6 39. Rd6 Nf6 40. Kd3 Bg1 41. h3 Bh2 42. g4+ Kg5 43. h4+ Kg6 44. Ra6 Kf7 45. Rxa7+ Ke6 46. Ra6+ Kf7 47. g5 Nd5 48. Ke4 Nf4 49. Kf5 Ng2 50.
Ra7+ Kf8 51. g6 Nxh4+ 52. Kf6 Nxg6 53. Kxg6 h4 54. Rh7 Bg3 55. a4 1-0

[Event "Early-Titled-Tuesday-Blitz-September-26-2023"]
[Site "Chess.com"]
[Date "2023.09.26"]
[Round "10"]
[White "Mops_2004"]
[Black "vishwa_vijeta"]
[Result "1-0"]
[WhiteElo "2757"]
[BlackElo "2552"]
[TimeControl "180+1"]
[EndTime "9:56:42 PDT"]
[Termination "Mops_2004 won by resignation"]

1. g3 c5 2. Bg2 g6 3. c4 Bg7 4.
Nc3 Nc6 5. b3 d6 6. Bb2 e5 7. e3 Nge7 8. Nge2 O-O 9. O-O Be6 10. Nd5 Qd7 11. Nxe7+ Nxe7 12. d4 Bh3 13. Bxh3 Qxh3 14. dxc5 dxc5 15. Qd6 Nf5 16. Qxc5 Nh6 17. Qd5 Rad8 18. Qg2 Qxg2+ 19. Kxg2 Rd2 20. Ba3 Rxe2 21. Bxf8 Kxf8 22. Rfe1 Rb2 23. Reb1 Rc2 24. Rc1 Rd2 25. Rd1 Rxd1 26. Rxd1 Ke7 27. Kf3 Nf5 28. c5 f6 29. b4 Nh6 30. Ke4 Ke6 31. Rd6+ Ke7 32. b5 Nf7 33. Rd2 Ke6 34. Rc2 Ng5+ 35. Kd3 Kd7 36. c6+ bxc6 37. Rxc6 Ne6 38. Kc4 Nc7 39. a4 f5 40. h4 Bf8 41. h5 Bd6 42. hxg6 hxg6 43. Kb3 Ne6 44. Kc4 Nc7 45. f3 g5 46.
e4 fxe4 47. fxe4 Ke7 48. b6 axb6 49. Rxb6 Kd7 50. a5 Be7 51. a6 g4 52. a7 Ba3 53.
Rb7 Bc1 54. a8=Q 1-0